 Dungeon Crawl Stone Soup version 0.20.1-1-g8b1a95d (webtiles) character file.

298 manon the Chopper (level 6, -1/49 HPs)
             Began as a Demonspawn Chaos Knight on Sept 11, 2017.
             Slain by a gnoll (11 damage)
             ... on level 3 of the Dungeon.
             The game lasted 00:08:47 (1516 turns).

manon the Chopper (Demonspawn Chaos Knight)         Turns: 1516, Time: 00:08:48

Health: -1/49      AC:  6    Str: 19    XL:     6   Next: 13%
Magic:  6/6        EV: 10    Int: 19    God:    Xom [..*...]
Gold:   162        SH:  0    Dex: 14    Spells: 5/5 levels left

rFire    . . .     SeeInvis .   a - +0 hand axe (chaos)
rCold    + . .     Gourm    .   (no shield)
rNeg     . . .     Faith    .   e - +0 scale mail
rPois    .         Spirit   .   (helmet restricted)
rElec    +         Reflect  .   (no cloak)
rCorr    .         Harm     .   (no gloves)
MR       .....                  (no boots)
Stlth    ..........             (no amulet)
Regen    0.2/turn               (no ring)
MPRegen  0.1/turn               (no ring)

@: mighty, brilliant
A: horns 1, agile 1, cold resistance 1, powered by pain 3, electricity
resistance
a: Renounce Religion


You were on level 3 of the Dungeon.
You worshipped Xom.
You were a toy of Xom.
You were not hungry.

You visited 1 branch of the dungeon, and saw 3 of its levels.

You collected 162 gold pieces.

Inventory:

Hand Weapons
 a - a +0 hand axe of chaos (weapon)
Missiles
 h - 20 sling bullets
 q - 10 arrows
Armour
 b - a +2 leather armour
 e - a +0 scale mail (worn)
 g - a +0 buckler
Jewellery
 u - a +6 amulet of reflection {unknown}
Scrolls
 d - 3 scrolls of remove curse {unknown}
 i - 2 scrolls of identify {unknown}
 m - a scroll of blinking {unknown}
 n - a scroll of teleportation {unknown}
 r - a scroll of random uselessness {unknown}
Potions
 j - a potion of brilliance
 k - a potion of curing
 l - a potion of invisibility {unknown}
 p - a potion of degeneration {unknown}
 t - 2 potions of mutation {unknown}
Comestibles
 c - 6 bread rations
 f - 3 meat rations
 o - a royal jelly
 s - a chunk of flesh


   Skills:
 + Level 4.4 Fighting
 * Level 4.6 Axes
 + Level 3.4 Armour
 - Level 0.8 Dodging


You had 5 spell levels left.
You didn't know any spells.

Dungeon Overview and Level Annotations

Branches:
Dungeon (3/15)

Altars:
Kikubaaqudgha


Innate Abilities, Weirdness & Mutations

You have a pair of small horns on your head.
Your flesh is cold resistant. (rC+)
You are powered by pain.
You are agile. (Dex +2)
You are resistant to electric shocks. (rElec)


Message History

* * * LOW HITPOINT WARNING * * *
You focus on the pain.
You feel very mighty all of a sudden.
A ball python comes into view.
It was a potion of brilliance.
You feel clever all of a sudden.
Xom thinks this is hilarious!
You feel sick. The gnoll hits you.
* * * LOW HITPOINT WARNING * * *
The orc curses repeatedly, as Orcs often do.
The orc hits you with a mace of venom.
* * * LOW HITPOINT WARNING * * *
You are more poisoned.
The gnoll misses you.
A frilled lizard comes into view.
It was a potion of curing.
You feel better.
Xom roars with laughter!
The frilled lizard hisses angrily.
The gnoll barely misses you. The gnoll hits you!
You die...

# ##.# #....##...........
..###..######
#.....#...........
#....>.....####..#.............
#..............................
#..............................
#..........###S#####...........
#..<#......# #g# #............
#..........# #g# #.............
#...#......# #@# ..............
##.##......# #o#.............
#.. ######## #l#...######.##.
#.. ... .. ... ##..# ..## .l#


You could see 2 gnolls, an orc, a leopard gecko, a ball python and a frilled
lizard.

Vanquished Creatures
  A boggart (shapeshifter) (D:2)
  Natasha (thrice) (D:3)
  Terence (D:3)
  2 gnolls
  3 oozes
  3 worms (D:2)
  4 dart slugs
  3 leopard geckos (D:1)
  An orc (shapeshifter) (D:2)
  An orc (D:3)
  5 giant cockroaches
  4 goblins
  10 hobgoblins
  2 jackals (D:2)
  A ball python (D:3)
  11 bats
  5 frilled lizards
  A kobold (D:1)
  4 rats
65 creatures vanquished.

Vanquished Creatures (collateral kills)
  Jessica (D:3)
  A worm (D:3)
2 creatures vanquished.

Grand Total: 67 creatures vanquished

Notes
Turn   | Place    | Note
-------+----------+-------------------------------------------
     0 | D:1      | manon the Demonspawn Chaos Knight began the quest for the Orb.
     0 | D:1      | Reached XP level 1. HP: 18/18 MP: 1/1
    48 | D:1      | XOM: divination: magic mapping
   102 | D:1      | Gained mutation: You have a pair of small horns on your head. [demonic ancestry]
   102 | D:1      | Reached XP level 2. HP: 17/24 MP: 2/2
   326 | D:1      | XOM: divination: detect creatures
   345 | D:1      | XOM: harmless Chrm miscast
   364 | D:1      | XOM: harmless Necr miscast
   380 | D:1      | Gained mutation: You sometimes gain a little power by taking damage. [demonic ancestry]
   380 | D:1      | Reached XP level 3. HP: 29/29 MP: 3/3
   816 | D:2      | XOM: cloud trail
   848 | D:2      | Found an ancient bone altar of Kikubaaqudgha.
   873 | D:2      | Gained mutation: You sometimes gain power by taking damage. [demonic ancestry]
   873 | D:2      | Reached XP level 4. HP: 11/35 MP: 4/4
   989 | D:2      | Gained mutation: You are agile. (Dex +2) [mutagenic meat]
   990 | D:2      | Gained mutation: You are resistant to electric shocks. (rElec) [mutagenic meat]
  1112 | D:2      | Noticed a boggart
  1112 | D:2      | a worm changed into a boggart
  1117 | D:2      | Killed a boggart
  1117 | D:2      | Gained mutation: Your flesh is cold resistant. (rC+) [demonic ancestry]
  1117 | D:2      | Reached XP level 5. HP: 30/42 MP: 5/5
  1239 | D:2      | XOM: divination: detect items
  1321 | D:2      | XOM: scenery: 2 doors open
  1345 | D:3      | Noticed Natasha
  1352 | D:3      | Killed Natasha
  1413 | D:3      | Noticed Terence
  1421 | D:3      | Noticed Jessica
  1425 | D:3      | Noticed Natasha
  1426 | D:3      | Killed Terence
  1429 | D:3      | XOM: silly message
  1433 | D:3      | XOM: summons 4 friendly demons
  1441 | D:3      | Killed Natasha
  1445 | D:3      | Killed Jessica
  1477 | D:3      | Noticed Natasha
  1482 | D:3      | Killed Natasha
  1482 | D:3      | Gained mutation: You are powered by pain. [demonic ancestry]
  1482 | D:3      | Reached XP level 6. HP: 34/48 MP: 6/6
  1516 | D:3      | Slain by a gnoll

Skill      XL: |  1  2  3  4 |
---------------+-------------+-----
Armour         | 2 3 |  3.4
Axes           | 3 4 |  4.6
Fighting       | 4 |  4.4
Dodging        | |  0.8

Action                   |  1- 3 |  4- 6 || total
-------------------------+-------+-------++-------
Melee: Hand axe          |   121 |    99 ||   220
       Headbutt          |     9 |    16 ||    25
  Use: Potion            |       |     2 ||     2
 Stab: Paralysed         |     3 |       ||     3
       Confused          |       |     3 ||     3
       Distracted        |       |     1 ||     1
  Eat: Chunk             |       |     4 ||     4
Armor: Leather armour    |    23 |       ||    23
       Scale mail        |    43 |    41 ||    84
Dodge: Dodged            |    81 |    43 ||   124
